 Dungeon Crawl Stone Soup version 0.31.0-32-g396128a36d (webtiles) character file.

Game seed: 16585919538846614255

121 Curundu the Chopper (level 4, 0/41 HPs)
             Began as a Minotaur Berserker on Mar 13, 2024.
             Was a Believer of Trog.
             Slain by an iguana (12 damage)
             ... on level 3 of the Dungeon.
             The game lasted 00:04:15 (1971 turns).

Curundu the Chopper (Minotaur Berserker)            Turns: 1971, Time: 00:04:16

Health: 0/41       AC:  2    Str: 24    XL:     4   Next: 76%
Magic:  3/3        EV: 12    Int:  4    God:    Trog [**....]
Gold:   63         SH:  3    Dex:  9    Spells: 3/3 levels left

rFire   . . .        a - +0 hand axe
rCold   . . .        j - +0 buckler
rNeg    . . .        b - +0 animal skin
rPois   .            (helmet restricted)
rElec   .            (no cloak)
rCorr   .            (no gloves)
SInv    .            (no boots)
Will    .....        (no amulet)
Stlth   +            (no ring)
HPRegen 0.26/turn    (no ring)
MPRegen 0.08/turn

%: no passive effects
@: no status effects
A: horns 2, retaliatory headbutt
a: Renounce Religion, Berserk, Trog's Hand


You were on level 3 of the Dungeon.
You worshipped Trog.
Trog was pleased with you.
You visited 1 branch of the dungeon, and saw 3 of its levels.

You collected 63 gold pieces.

Inventory:

Hand Weapons
 a - a +0 hand axe (weapon)
Armour
 b - a +0 animal skin (worn)
 j - a +0 buckler (worn)
Jewellery
 h - a +6 ring of intelligence
 m - the ring "Qoxar" {Fly SInv}
   (You found it on level 3 of the Dungeon)

   [ring of flight]

   SInv:      It lets you see invisible.
   Fly:       It grants you flight.
Scrolls
 c - 2 scrolls of teleportation {unknown}
 d - 2 scrolls of blinking {unknown}
 e - 2 scrolls of noise {unknown}
 f - a scroll of identify {unknown}
 g - a scroll of revelation {unknown}
 i - a scroll of fear {unknown}
 k - 2 scrolls of vulnerability {unknown}
Potions
 l - a potion of attraction {unknown}


   Skills:
 + Level 4.7 Fighting
 + Level 5.0 Axes
 * Level 2.9 Armour
 + Level 2.8 Dodging
 - Level 0.5 Stealth
 * Level 0.9 Shields


You had 3 spell levels left.
You didn't know any spells.
Your spell library was empty.

Dungeon Overview and Level Annotations

Branches:
Dungeon (3/15)

Altars:


Innate Abilities, Weirdness & Mutations

You have a pair of horns on your head.
You reflexively headbutt those who attack you in melee.


Message History

You headbutt the bat!
You kill the bat!
Trog accepts your kill.
There is a stone staircase leading up here.
A ball python comes into view.
Found a scorched silver ring.
The ball python hisses angrily.
The ball python bites you. The ball python barely misses you.
You hit the ball python.
You kill the ball python!
Trog accepts your kill.
An iguana comes into view.
Found 6 stones and a leather armour.
The iguana hisses angrily.
You see here the ring "Qoxar" {Fly SInv}.
m - the ring "Qoxar" {Fly SInv}
Found 8 stones.
You closely miss the iguana. You headbutt the iguana!
The iguana is heavily wounded.
The iguana closely misses you.
You barely miss the iguana.
The iguana is heavily wounded.
The iguana bites you!
You hit the iguana but do no damage.
The iguana is heavily wounded.
The iguana barely misses you.
You hit the iguana but do no damage. You headbutt the iguana.
The iguana is severely wounded.
The iguana bites you!
You barely miss the iguana. Your headbutt misses the iguana.
The iguana is severely wounded.
The iguana bites you!
* * * LOW HITPOINT WARNING * * *
You hit the iguana. Your headbutt misses the iguana.
The iguana is almost dead.
The iguana barely misses you.
You barely miss the iguana.
The iguana is almost dead.
The iguana bites you!
You die...

....#........#
......#........#
...............#
...............########
................#.[...##
#......................#
#.................<.....
#.......#...............
.......@................
#......l#...>...........
#.......#...............
#.......................
.......................#
..(....#..#.....#.......
..[.......###....
.(.###..... ....


You could see an iguana.

Vanquished Creatures
  A bombardier beetle (D:2)
  Robin (D:2)
  2 adders (D:2)
  3 dart slugs
  A ribbon worm (D:2)
  7 ball pythons
  2 endoplasms
  11 goblins
  9 hobgoblins
  2 quokkas (D:1)
  5 bats
  A frilled lizard (D:2)
  3 kobolds
  5 rats
53 creatures vanquished.

Notes
Turn   | Place    | Note
-------+----------+-------------------------------------------
     0 | D:1      | Curundu the Minotaur Berserker began the quest for the Orb.
     0 | D:1      | Reached XP level 1. HP: 19/19 MP: 0/0
   218 | D:1      | Reached XP level 2. HP: 27/27 MP: 1/1
   274 | D:1      | Reached skill level 4 in Axes
  1086 | D:2      | Noticed Robin
  1094 | D:2      | Reached ** piety under Trog
  1095 | D:2      | Reached XP level 3. HP: 27/33 MP: 2/2
  1095 | D:2      | Killed Robin
  1233 | D:2      | Reached XP level 4. HP: 32/41 MP: 3/3
  1585 | D:2      | Reached skill level 5 in Axes
  1960 | D:3      | Identified the ring "Qoxar" {Fly SInv}
  1971 | D:3      | Slain by an iguana

Illustrated notes

Levels and vault maps discovered:
D:1:      amcnicky_arrival_abandoned_market, layout_basic, nicolae_titane
D:2:      layout_basic, serial_bayou_pond_c, minmay_distorted, uniq_robin
D:3:      layout_rooms, uniq_natasha

Skill      XL: |  1  2  3  4 |
---------------+-------------+-----
Axes           | 4 5 |  5.0
Fighting       | 4 |  4.7
Armour         | |  2.9
Dodging        | |  2.8
Stealth        | |  0.5
Shields        | |  0.9

Action                     |  1- 3 |  4- 6 || total
---------------------------+-------+-------++-------
  Melee: Hand axe          |    57 |    34 ||    91
         Headbutt          |     8 |     5 ||    13
 Invoke: Berserk           |     1 |       ||     1
 Armour: Animal skin       |    31 |    15 ||    46
  Dodge: Dodged            |    48 |    23 ||    71
  Block: Buckler           |       |     3 ||     3
